 Dungeon Crawl Stone Soup version 0.25.1-2-g60ff931df9 (webtiles) character file.

Game seed: 11727310288363098978

2498 GeoCrane the Basher (level 9, 0/120 HPs)
             Began as a Troll Berserker on Aug 17, 2020.
             Was an Elder of Trog.
             Slain by a freezing wraith (14 damage)
             ... on level 7 of the Dungeon.
             The game lasted 00:35:51 (6200 turns).

GeoCrane the Basher (Troll Berserker)               Turns: 6200, Time: 00:35:52

Health: 0/120      AC:  6    Str: 30    XL:     9   Next: 28%
Magic:  8/8        EV: 10    Int:  5    God:    Trog [****..]
Gold:   390        SH:  5    Dex:  9    Spells: 8/8 levels left

rFire    . . .     SeeInvis +   a - +0 mace
rCold    . . .     Gourm    +   (no shield)
rNeg     + . .     Faith    .   b - +0 animal skin
rPois    .         Spirit   .   (helmet restricted)
rElec    .         Reflect  +   (no cloak)
rCorr    .         Harm     .   (gloves unavailable)
MR       ++...                  (boots unavailable)
Stlth    ..........             A - amulet of reflection
HPRegen  2.10/turn              d - ring of see invisible
MPRegen  0.11/turn              q - ring of positive energy

@: berserking, regenerating, slowed
A: large, unfitting armour, claws 3, clever 1, fast metabolism 3, gourmand,
regeneration 2, shaggy fur 1, tough skin 3, MP-powered wands
a: Berserk, Trog's Hand, Brothers in Arms, Renounce Religion


You were on level 7 of the Dungeon.
You worshipped Trog.
Trog was greatly pleased with you.
You were very full.

You visited 2 branches of the dungeon, and saw 8 of its levels.
You also visited: Ossuary.

You collected 390 gold pieces.

Inventory:

Hand Weapons
 a - a +0 mace (weapon)
Armour
 b - a +0 animal skin (worn)
Jewellery
 d - a ring of see invisible (left claw)
 k - an uncursed amulet of guardian spirit
 q - a ring of positive energy (right claw)
 r - an uncursed ring of protection from magic
 A - an amulet of reflection (around neck)
Wands
 y - a wand of acid (5)
Scrolls
 e - 6 scrolls of remove curse {unknown}
 f - a scroll of blinking
 g - 2 scrolls of fear {unknown}
 h - 3 scrolls of teleportation {unknown}
 i - 2 scrolls of identify
 j - a scroll of random uselessness {unknown}
 m - 2 scrolls of noise {unknown}
 n - 2 scrolls of magic mapping {unknown}
 p - 2 scrolls of enchant weapon {unknown}
 u - a scroll of enchant armour
 x - 2 scrolls of immolation {unknown}
 B - a scroll of fog {unknown}
Potions
 l - 4 potions of lignification
 o - 2 potions of haste
 s - 2 potions of mutation
 t - 2 potions of heal wounds
 v - 2 potions of stabbing
 w - 7 potions of curing
 z - 2 potions of resistance
Comestibles
 c - 15 rations


   Skills:
 - Level 2.4 Fighting
 + Level 11.6 Maces & Flails
 - Level 2.4 Dodging


You had 8 spell levels left.
You didn't know any spells.
Your spell library was empty.

Dungeon Overview and Level Annotations

Branches:
Dungeon (7/15)             Temple (1/1) D:6         Ossuary (visited)

Altars:
Ashenzari
Dithmenos
Elyvilon
Fedhas
Gozag
Hepliaklqana
Kikubaaqudgha
Makhleb
Nemelex Xobeh
Okawaru
Qazlal
Ru
Sif Muna
Trog
Uskayaw
Xom
The Shining One

Shops:
D:7 =


Innate Abilities, Weirdness & Mutations

You are too large for most types of armour.
You have claws for hands.
Your metabolism is lightning-fast.
You like to eat raw meat.
You heal very quickly.
You are covered in fur. (AC +1)
You have extremely tough skin. (AC +3)
Your mind is acute. (Int +2)
You expend magic power (3 MP) to strengthen your wands.


Message History

The freezing wraith drains your vigour!
You feel as though you will be slow longer.
You block the freezing wraith's attack. The freezing wraith hits you!
The freezing wraith drains your vigour!
You feel as though you will be slow longer.
Your skin crawls.
You feel resistant to hostile enchantments.
You feel quite a bit less full.
The freezing wraith hits you but does no damage.
The freezing wraith hits you!
* * * LOW HITPOINT WARNING * * *
A red film seems to cover your vision as you go berserk!
You feel yourself moving faster!
You feel mighty! The freezing wraith hits you!
* * * LOW HITPOINT WARNING * * *
The freezing wraith freezes you!
* * * LOW HITPOINT WARNING * * *
You block the freezing wraith's attack. The freezing wraith hits you!
* * * LOW HITPOINT WARNING * * *
The freezing wraith freezes you!
You die...

## #. ###. #
#...###.#
#.##.O..#
#...###...#
###...###.W..
##..W@###..
#.##...###
#.###....###
#..........##
#####.......#
#.......##
##.......#
...
#........##
#.# #
######รท...#
... #


You could see a freezing wraith.

Vanquished Creatures
  Menkaure (D:7)
  2 ice beasts
  A black bear (D:7)
  3 phantoms
  2 ogres
  A big kobold (D:7)
  4 bullfrogs
  2 water moccasin zombies (Ossuary)
  5 scorpions
  A water moccasin skeleton (D:5)
  2 howler monkeys
  2 crimson imps
  A bullfrog skeleton (D:6)
  A centaur skeleton (D:5)
  5 hounds
  A jelly (D:7)
  2 orc priests
  2 iguanas
  2 orc wizards
  3 worker ants
  2 big kobold zombies (Ossuary)
  A hound zombie (D:6)
  2 mummies (Ossuary)
  A worker ant zombie (D:5)
  8 adders
  2 oozes
  4 adder zombies (Ossuary)
  An adder skeleton (D:4)
  2 worms
  A dart slug (D:2)
  13 orcs
  4 giant cockroaches
  5 hobgoblins
  21 jackals
  14 kobolds
  3 quokkas
  3 ball pythons
  7 bats
  2 frilled lizards
  5 gnoll zombies (Ossuary)
  7 goblins
  6 hobgoblin zombies (Ossuary)
  8 kobold zombies (Ossuary)
  A leopard gecko skeleton (D:4)
  11 orc zombies (Ossuary)
  A quokka zombie (D:5)
  6 rats
184 creatures vanquished.

Vanquished Creatures (others)
  A frilled lizard (D:3)
1 creature vanquished.

Grand Total: 185 creatures vanquished

Notes
Turn   | Place    | Note
-------+----------+-------------------------------------------
     0 | D:1      | GeoCrane the Troll Berserker began the quest for the Orb.
     0 | D:1      | Reached XP level 1. HP: 22/22 MP: 0/0
   117 | D:1      | Reached skill level 3 in Maces & Flails
   187 | D:1      | Reached XP level 2. HP: 29/29 MP: 1/1
   930 | D:2      | Found a hide-covered altar of Uskayaw.
   935 | D:2      | Reached XP level 3. HP: 36/36 MP: 2/2
  1002 | D:2      | Reached skill level 4 in Maces & Flails
  1027 | D:2      | Reached ** piety under Trog
  1646 | D:2      | Reached XP level 4. HP: 36/44 MP: 3/3
  1939 | D:2      | Reached skill level 5 in Maces & Flails
  1978 | D:3      | Reached XP level 5. HP: 50/50 MP: 4/4
  2106 | D:3      | Found a blossoming altar of Fedhas.
  2624 | D:4      | Reached skill level 6 in Maces & Flails
  2645 | D:4      | HP: 2/50 [poisoned by a worker ant]
  2648 | D:4      | Reached XP level 6. HP: 2/59 MP: 2/5
  2650 | D:4      | Gained mutation: You heal very quickly. [potion of
                  | mutation]
  2650 | D:4      | Gained mutation: Your mind is acute. (Int +2) [potion of
                  | mutation]
  2650 | D:4      | Gained mutation: You expend magic power (3 MP) to
                  | strengthen your wands. [potion of mutation]
  2650 | D:4      | HP: 1/88 [poisoned by an adder]
  3077 | D:4      | Found a sacrificial altar of Ru.
  3264 | D:5      | Entered Level 5 of the Dungeon
  3388 | D:5      | Reached skill level 7 in Maces & Flails
  3426 | D:5      | Reached XP level 7. HP: 57/66 MP: 4/6
  3475 | D:5      | Found a sand-covered staircase.
  3484 | Ossuary  | Entered an ossuary
  3541 | Ossuary  | Reached *** piety under Trog
  3636 | Ossuary  | Reached skill level 8 in Maces & Flails
  3818 | D:5      | Reached **** piety under Trog
  4011 | D:5      | Reached skill level 9 in Maces & Flails
  4011 | D:5      | Reached XP level 8. HP: 63/74 MP: 5/7
  4668 | D:5      | Found a bloodstained altar of Trog.
  5236 | D:6      | Reached skill level 10 in Maces & Flails
  5305 | D:6      | Found a hazy altar of Hepliaklqana.
  5312 | D:6      | Found a staircase to the Ecumenical Temple.
  5324 | Temple   | Entered the Ecumenical Temple
  5533 | D:6      | Found a shimmering altar of Xom.
  5955 | D:7      | Found Haxtage's Jewellery Boutique.
  5955 | D:7      | Noticed Menkaure
  5964 | D:7      | Killed Menkaure
  5964 | D:7      | Reached skill level 11 in Maces & Flails
  5964 | D:7      | Reached XP level 9. HP: 80/80 MP: 8/8
  6177 | D:7      | Noticed a freezing wraith
  6200 | D:7      | Slain by a freezing wraith

Illustrated notes

Levels and vault maps discovered:
D:1:      dpeg_arrival_circle_labyrinth_c, layout_loops_ring,
          grunt_decor_one_mirror
D:2:      layout_basic, eat_drink_and_be_merry_uskayaw
D:3:      layout_rooms, fedhas_altar_fruit_tree
D:4:      cheibrodos_helix_gallery, layout_basic, nicolae_ru_path_of_blood,
          first_ration, minmay_between
D:5:      minmay_thinvault, layout_layer_cave, kennysheep_mini,
          nicolae_ossuary_entry_ruins
D:6:      layout_basic, lemuel_doored_altar, minmay_temple_entry_proselytizer,
          basic_altar, minmay_circle_x
D:7:      minmay_the_grid_four_pointed_star
          [minmay_the_grid_triangle_9x9_skeleton,
          minmay_the_grid_triangle_9x9_semitri,
          minmay_the_grid_triangle_9x9_odd_lines,
          minmay_the_grid_triangle_9x9_longest,
          minmay_the_grid_prize_diamond_cup], layout_rooms,
          minmay_overflow_temple_star_quad, vehumet_crystals,
          serial_corexii_hall, corexii_hall_statues_i, chequers_hall_statues_y,
          serial_shops, nicolae_shop_waterfront, grunt_livestock,
          nemelex_dance_club_becter, uniq_menkaure
Temple:   nicolae_temple_no_exploring_needed

Skill      XL: |  1  2  3  4  5  6  7  8 |
---------------+-------------------------+-----
Maces & Flails | 3 4 5 6 7 9 11 | 11.6
Fighting       | |  2.4
Dodging        | |  2.4

Action                   |  1- 3 |  4- 6 |  7- 9 || total
-------------------------+-------+-------+-------++-------
Melee: Mace              |   121 |   220 |   539 ||   880
Invok: Trog's Hand       |       |       |     3 ||     3
       Berserk           |       |       |     2 ||     2
  Use: Potion            |       |     4 |       ||     4
       Scroll            |       |       |    10 ||    10
  Eat: Chunk             |    21 |    14 |    31 ||    66
Armor: Animal skin       |    77 |   112 |   107 ||   296
       Skin              |       |     7 |       ||     7
Dodge: Dodged            |    88 |   159 |   205 ||   452
Block: Other             |       |       |    48 ||    48
       Reflection        |       |       |     2 ||     2
